[Event "Sants Open 2023"]
[Site "Chess.com"]
[Date "2023.08.21"]
[Round "4"]
[White "Valenzuela Gomez, Fernando"]
[Black "Amar, Elham (NORWAY)"]
[Result "0-1"]
[ECO "B12"]
[WhiteElo "2393"]
[BlackElo "2523"]
[Annotator "IM Sequera Paolini, Jose"]
[PlyCount "76"]
[EventDate "2023.??.??"]
[Source "Analyze This Pro"]
[TimeControl "40/5400+30:1800+30"]

1. e4 c6 2. d4 d5 3. e5 c5 4. Nf3 ({rechazando la principal} 4. dxc5) 4... cxd4 5. Nxd4 Nc6 6. Nxc6 ({Es interesante} 6. c4 {luego de} e6 7. Nc3 Bb4 8. cxd5 Qxd5 9. Nxc6 bxc6 {
Las negras están tranquilas}) 6... bxc6 7. Bd3 e6 8. O-O Ne7 9. Nd2 a5 {[%emt 0:00:05] las negras a tratar de cambiar los alfiles
de blancas y terminar el desarrollo. Las blancas a intentar de abrir un poco
el centro antes que las negras puedan enrocar} 10. Nf3 (10. c4
Ng6 11. Nf3 Be7 12. cxd5 exd5 {activando el alfil de casillas blancas de las
negras pero hay que tener cuidado con el peón "e" de las blancas} ({en caso de
} 12... cxd5 13. g3 O-O 14. h4 f6 15. exf6 Bxf6 16. Re1 e5 17. Bxg6 hxg6 18.
Nxe5 Bf5 {posición incierta}) 13. Nd4 Qc7 ({es muy arriesgado jugar} 13...
Nxe5 14. Re1 Bg4 ({No vale} 14... Nxd3 15. Nxc6 $18) 15. Qc2 (15. f3 $2 Nxd3
16. Nxc6 Qb6+ $19) 15... Nxd3 16. Rxe7+ Qxe7 17. Qxc6+ Bd7 18. Qxa8+ Qd8 19.
Qxd5 O-O 20. b3 {las blancas pueden conservar un peón de ventaja}) (13... Bd7)
14. Qc2 Bd7 15. Re1 O-O (15... Nxe5 $4 16. Bf4 f6 17. Bxh7 $16) 16. e6 fxe6 17.
Nxe6 Bxe6 18. Rxe6 Bd6 {con posición muy complicada}) 10... Ba6 11. Bxa6 Rxa6 12. c4 Ng6 13. cxd5 cxd5 14. Qe2 ({En este momento} 14. g3 {ya no causaría ningún problema}
Bc5 15. h4 Ne7) 14... Ra8 15. h4 {[%emt 0:00:46] sin
necesidad de hacer g3 previamente} h5 16. Be3 Be7 17. g3 {[%emt 0:00:04] el peón negro en h5 es ahora un
detalle que las negras deben mantener bajo supervisión} Qd7 18. Bd4 Rc8 19. Rfd1 {[%emt 0:01:16] [#]} ({
Si,} 19. Rfc1 O-O 20. Nd2 (20. Rxc8 Rxc8 21. Nd2 Bc5 22. Bxc5 Rxc5 23. Nf3 Qc7
{las negras sin problemas}) 20... Rxc1+ 21. Rxc1 Qa4 $11) 19... Qc6 {[%emt 0:
10:36] muy atrevido provocar el cambio de la dama por las dos torres} (19...
O-O 20. Ne1 $14) ({es interesante} 19... Qb7 20. Rac1 O-O 21. Ne1 Bb4 22. Qxh5
Rxc1 23. Rxc1 Bxe1 24. Rxe1 Ne7 25. Rc1 Rc8 26. Rxc8+ Qxc8 27. Qd1 Qc4 {
las negras con su mejor pieza compensan el peón de menos}) 20. Rac1 Qxc1 ({por supuesto ya no es posible huir} 20... Qb7
21. Rxc8+ Qxc8 22. Qb5+) 21. Rxc1 Rxc1+ 22.
Kg2 O-O 23. Bc3 {[%emt 0:13:06] toca el
peón solitario de "a" y también se propone evitar la reunificación familiar
de las hermanas} Rc8 {[%emt 0:10:42] [#]} 24. Nd4 (24. Ng5 $4
Bxg5 25. hxg5 h4 {Las negras se activan demasiado}) ({Las blancas consiguen
ventaja luego de} 24. Qa6 Rc4 (24... Rc5 25. a4 Ra1 26. Bd4) 25. Qxa5 Bc5 26.
Nd2 Rg4 27. Qxc5 Nxh4+ 28. Kh2 d4 29. gxh4 $18) 24... Bb4 25.
Qa6 {[%emt 0:16:17] un tanto tarde!} (25. Qd2 Ra1 26. Bxb4 axb4 27. Qxb4 Rxa2 {
Aunque no será fácil, las negras deben tener las mejores oportunidades}) {
Las negras están a tiempo de responder} 25... Ne7 26. Nb3 (26. Qb7 Bxc3 27. bxc3 Kf8 28. Nb5 Rb1 29. Qa6 $13) 26... Rc2 27. Qd3 {[%emt 0:04:38] [#]} R2xc3 28. bxc3 Rxc3 29. Qb5 Nc6 {[%emt 0:00:
01] las negras tienen todo defendido y se proponen intentar avanzar su peón
libre} 30. a3 {[%emt 0:07:44] Las blancas quieren deshacer la armonía de las
piezas negras} Bf8 {[%emt 0:02:50] De esta manera evita perder el peón de a5}
(30... Bxa3 31. Nxa5 Rc5 32. Qa4 Rxa5 33. Qxc6 {Esto no será más que tablas})
31. a4 (31. Nxa5 $4 Rc5 32. Qxc5 Bxc5 33. Nxc6 Bxa3 $19) 31...
Nxe5 32. Nxa5 Rc5 33. Qa6 ({En caso de} 33. Qb6 Nc4 34. Nxc4 dxc4 {el campeón de Sants
2023 busca por todos los medios crear posiciones en las que se pueda intentar
la victoria} 35. a5 c3 36. a6 c2 37. a7 Rc8 38. Qb2 g6 39. Qxc2 Rxc2 40. a8=Q {
Aunque la precisión de ambas partes llegaría a la igualdad}) 33... Rc2 {
[%emt 0:01:15] a por el peón de f2} 34. Qb6 Ng4 35. Nc6 {[%emt 0:00:42] [#]} g6 $1 (35... Rxf2+ 36. Qxf2
Nxf2 37. Kxf2 Bc5+ 38. Kf3 f6 39. a5 e5 40. a6 g5 {irá a tablas}) ({cuidado
con la tentación de jugar} 35... Bc5 $4 36. Qb8+ Kh7 37. Qb1 $18 {y este
pequeñito detalle da la victoria al blanco}) 36. a5 $4 {[%emt 0:01:11] [#]
Tanto coraje e intentos firmes sólo por ganar, finalmente dará sus frutos} (
36. Kf1 Bc5 37. Qb8+ Kg7 38. Ne5 Rxf2+ 39. Ke1 Bd4 40. Nxg4 hxg4 41. a5 Ra2 42.
Qb4 e5 43. Qb5 Ra3 {El negro aún crea potencialidades para intentar ganar la
partida}) 36... Bc5 37. Qb8+ Kg7 38. Kf1 (38. Ne5 Rxf2+ 39. Kg1 Rb2+) 38... Bxf2 0-1

[Event "Sants Open 2023"]
[Site "Chess.com"]
[Date "2023.08.22"]
[Round "5"]
[White "Amar, Elham (NORWAY)"]
[Black "Iermito, Sebastian"]
[Result "1/2-1/2"]
[ECO "C60"]
[WhiteElo "2523"]
[BlackElo "2509"]
[Annotator "IM Sequera Paolini, Jose"]
[PlyCount "90"]
[EventDate "2023.??.??"]
[Source "Analyze This Pro"]
[TimeControl "40/5400+30:1800+30"]

1. e4 e5 2. Nf3 Nc6 3. Bb5 Nge7 4. O-O Ng6 (4... g6 5.
c3 Bg7 6. d4 exd4 7. cxd4 d5 8. exd5 Nxd5 9. Bg5 Qd6 10. Re1+ Be6 11. Nbd2 $14)
5. d4 exd4 6. Nxd4 Bc5 7. Nb3 Bb6 8. Nc3 a6 (8... d6 9. Nd5 O-O 10. a4 a6 11. Nxb6 cxb6 12. Be2
{las blancas deben conformarse con el peón débil de d6}) 9. Bd3 d6 10. Kh1 O-O 11. f4 f5 (11... f6 12. Nd5 Ba7 13. Qh5 {luego Tf3,
f5, Th3}) 12. Nd5 Ba7 13. exf5 (13. Nd2 {Posiblemente sea mejor reciclar este caballo hacia el centro -
flanco de rey} Nce7 14. c4) 13... Bxf5 14. Bxf5 Rxf5 15. Qg4 Nge7 (
15... Qd7 16. Be3 ({No vale} 16. Nxc7 $4 Raf8 {el caballo está atrapado ya
que al mismo tiempo hay temas de mate en la primera fila}) 16... Qf7 17. Nxc7
Rf8 18. Bxa7 Nxa7 19. Nd4 {las blancas salvan la pieza} Rxf4 20. Rxf4 Qxf4 21.
Qxf4 Rxf4 {pero la posición es igual}) 16. Nxe7+ Nxe7 17. Bd2 Rf7 (17... Qf8 18.
Rae1 {molestando un poco}) 18. Qe6 Qc8 19.
Qxc8+ Rxc8 20. g4 Rcf8 21. Rae1 h5 22. gxh5 Nd5 {[%emt 0:08:29] [#]} 23. Na5 Nxf4 24. Nxb7 Nxh5 25. Rxf7 Rxf7 26. Be3 Bxe3 27. Rxe3 Rf2 28. Rc3 Nf4 29. Kg1 Rg2+ 30. Kf1 Rxh2 31. Rxc7 Nd5 32. Rc8+ Kh7 33. Kg1 Rd2 34. Nxd6 Ne3 35. Rc3 Nxc2 36. Ne4 Re2 37. Ng5+ Kh6 38. Nf3 Ne3 39. Nd4 Rg2+ 40. Kh1 Rd2 41. Rxe3 Rxd4 42. Re6+ g6 43. Rxa6 Rd1+ 44. Kg2 Rd2+ 45. Kf3 Rxb2 {[%emt 0:00:05] Esta vez la fuerza y la energía del
joven Elham no fue suficiente para ganar} 1/2-1/2

[Event "Sants Open 2023"]
[Site "Chess.com"]
[Date "2023.08.23"]
[Round "6"]
[White "Mitusov, Semen"]
[Black "Amar, Elham (NORWAY)"]
[Result "0-1"]
[ECO "B12"]
[WhiteElo "2445"]
[BlackElo "2523"]
[Annotator "IM Sequera Paolini, Jose"]
[PlyCount "102"]
[EventDate "2023.??.??"]
[Source "Analyze This Pro"]
[TimeControl "40/5400+30:1800+30"]

1. e4 c6 {[%emt 0:00:05] Repite la Carokann, defensa muy
jugada por varios de los más fuertes jóvenes catalanes} 2. d4 d5 3. e5 c5 4. dxc5 e6 5. Bd3 (5. a3 Bxc5 6. b4
Bb6 7. Qg4 Ne7 8. Nf3 (8. Qxg7 Rg8 9. Qxh7 Bd4) 8... Ng6 $13) 5... Nc6 6. Nf3 Bxc5 7. O-O {[%emt 0:
00:39] Sencillo, el desarrollo de ambos bandos continúa} Nge7 (7... f6 8. Qe2 Qc7 9. Bf4 g5 10. Bg3 g4 11. Nfd2 fxe5 12. c4 {Super complicado
}) 8. a3 a5 (8... Ng6 {es una variante que
puede ser muy explosiva} 9. b4 Be7 10. Re1 f6 (10... O-O 11. Nbd2) 11. Bxg6+
hxg6 12. Qd3 Kf7 13. Bb2 g5) 9. Re1 (9. Qe2 Ng6 10. c4 d4)
9... Ng6 10. Be3 Bxe3 11.
Rxe3 O-O 12. Bxg6 (12. Nbd2
Nf4 13. Bf1 f6 14. exf6 gxf6) 12... fxg6 13. Nbd2 Bd7 14. c4 Ne7 15. Rc1 Bc6 16. Nd4 Nf5 17. Nxc6 (17. Nxe6 Nxe3 18. fxe3 Qb6 19. Qb3 Qxb3 20.
Nxb3 Rf7 $19) 17... bxc6 18. Rd3 Rb8 19. b3 Qe7 20. a4 Rf7 21. Nf3 Rbf8 22.
Rc2 h6 23. h3 g5 24. Qc1 (24. Qd2 Qa7) 24... Nh4 25.
Nxh4 gxh4 26. cxd5 cxd5 27. Qe1 Qg5 {[%emt 0:00:53] [#]} 28. Qe3 $6 (28. Qxa5 Rxf2 (28... Qxe5 29. Re3 Qd6 30. Rce2 e5 $13) 29.
Rxf2 Qc1+ 30. Kh2 Rxf2 31. Qd8+ Kh7 32. Qxh4 Rf1 33. Qb4 Rh1+ 34. Kg3 Qg5+ 35.
Kf2 Ra1 $13) (28. Rd4 Rb7 29. Rg4 Qf5 30. Rb2 Rfb8 31. b4 axb4 32. Rgxb4 Rxb4
33. Rxb4 Rxb4 34. Qxb4 Qxe5 35. Qxh4 d4 36. a5 $11) 28... Qg6 29. Rdc3 (29. Rcc3 Rxf2 30. Qxf2 Rxf2 31. Kxf2 Qf5+ $19) (29.
Rcd2 Rf5 30. Rd4 (30. Qd4 Rf4 31. Qc3 Rb4) 30... Rf3) 29... Rf3 30. Qb6 Kh7 {[%emt 0:04:57] [#]} 31. Qxa5 $4 {[%emt 0:03:43]
[#]} (31. Rxf3 Rxf3 32. Kf1 (32. Rc8 Rxh3 $19) 32... Rf5 33. Qxa5 (33. Re2 Rg5
34. f4 (34. f3 Qb1+ 35. Kf2 Qh1) 34... Qb1+ 35. Kf2 Rf5) 33... Rg5 34. f4 Rg3
35. Re2 Rxb3 36. Qd2 Ra3 {las negras tienen las mejores posibilidades}) 31...
Rxf2 {[%emt 0:02:10] El castillo blanco se derrumba} 32. Rxf2 Qb1+ 33. Kh2 Rxf2 34. Rf3 Rxf3 35. gxf3 d4 36. Qb4 Qc2+ 37. Kg1 Qc3 38. Qc4 Qe3+ 39. Kf1 Qxf3+ 40. Ke1 Qg3+ 41. Ke2 Qe3+ 42. Kd1 Qxh3 43. Qxd4 Qf1+ 44. Kd2 h3 45. Qe4+ Qf5 46. Qh1 Qf2+ 47. Kc3 Qg2 48. Qb1+ Kg8 49. Qd3 Qc6+ 50. Kb2 h2 51. Qd8+ Kf7 0-1

[Event "Sants Open 2023"]
[Site "Chess.com"]
[Date "2023.08.24"]
[Round "7"]
[White "Amar, Elham (NORWAY)"]
[Black "Lamard, Guillaume"]
[Result "1-0"]
[ECO "B90"]
[WhiteElo "2523"]
[BlackElo "2526"]
[Annotator "IM Sequera Paolini, Jose"]
[PlyCount "75"]
[EventDate "2023.??.??"]
[Source "Analyze This Pro"]
[TimeControl "40/5400+30:1800+30"]

1. e4 c5 2. Nf3 d6 3. Nc3 Nf6 4. d4 cxd4 5.
Nxd4 a6 {[%emt 0:00:03] El campeón se separa de 6.h3
practicado antes en este mismo torneo} 6. Bc4 e6 7. Bg5 Qb6 (7... Be7 8. O-O O-O (8... b5
9. Bb3 b4 10. Na4 Nxe4 11. Bxe7 Qxe7 12. Re1 d5 13. Nb6) 9. Re1) 8. Bb3 Bd7 9. O-O (9. Be3 Qa5 10. f3
Nc6 11. g4 h6 12. Qd2 b5 13. a3) 9... Nc6 10. Be3 Qc7 11. f4 Be7 12. f5 Nxd4 13. Bxd4 b5 14. fxe6 Bxe6 (14... fxe6 15. a4 b4 (
15... O-O 16. axb5 axb5 17. Rxa8 Rxa8 18. Qd3 b4 19. Nd5 $16) 16. Ne2 Qb7 17.
a5 Qxe4 18. Nf4 e5 19. Bb6 exf4 20. Re1 Qc6 21. Qe2) 15. Qd3 O-O 16. Rae1 Rad8 17. Nd5 Bxd5 18. Bxd5 {[%emt 0:00:42] [#]} Nd7 $2 {
[%emt 0:09:44] El visir en d5 es ahora en extremo poderoso} (18... Nxd5 19.
exd5 Rde8 20. Qg3 g6 21. c3 Bd8 22. Qf4 $14) 19. Qg3 Ne5 20. Re2 Kh8 21. c3 Bf6 22. Ref2 {[%emt 0:00:56] Se avecina un desastre
sobre el castillo negro} Qe7 23. Rf5 Nd7 (23... Rde8 24. b4 Rd8 25. Rh5) 24. Rxf6 gxf6 25. Rxf6 Qxf6 26. Qxd6 Qxd4+ 27. cxd4 f5 28. Be6 Nf6 29. Qe5 fxe4 30. g4 h6 31. h4 Kh7 32. g5 hxg5 33. hxg5 Kg7 34. d5 e3 35. gxf6+ Rxf6 36. Qc7+ Kg6 37. Qxd8 e2 38. Qxf6+ 1-0

[Event "Sants Open 2023"]
[Site "Chess.com"]
[Date "2023.08.25"]
[Round "8"]
[White "Jacobson, Brandon"]
[Black "Amar, Elham (NORWAY)"]
[Result "1/2-1/2"]
[ECO "A13"]
[WhiteElo "2537"]
[BlackElo "2523"]
[Annotator "IM Sequera Paolini, Jose"]
[PlyCount "59"]
[EventDate "2023.??.??"]
[Source "Analyze This Pro"]
[TimeControl "40/5400+30:1800+30"]

1. c4 e6 2. g3 d5 3. Bg2 dxc4 4. Qa4+ Nd7 5. Qxc4 a6 6. Qb3 ({También puede ser} 6.
Qc2 Ngf6 7. d4 c5 8. Nf3 b5 9. Ne5 Nd5 $13) 6... Ngf6 7. Nf3 c5 8. a4 (8. d4 cxd4 9. Nxd4
Nc5 10. Qe3 Nd5) 8... Rb8 9. d3 Bd6 10. a5 O-O 11. O-O b5 12. axb6 Nxb6 {[%emt 0:00:24] las negras
ya casi resuelven por completo la actividad de todas sus piezas, más aún la
dama blanca está expuesta.} 13. Nc3 Bb7 {[%emt 0:06:38] la
pieza que faltaba. Aunque, de momento, obstruye a la torre y por otro lado el
peón de a6 depende de esta pieza} (13... Qc7 14. Bg5 Nbd5 15. Qc2 h6 $11) 14.
Bg5 {[%emt 0:12:36] [#]} c4 $5 {[%emt 0:09:28] sacrificio temporal de un peón
que lleva a una simplificación casi forzada} (14... Nbd5 {dejaba más la
lucha abierta} 15. Nd2 Ne3) 15. dxc4 Qc7 16.
Bxf6 gxf6 17. Nd2 {[%emt 0:00:43] ya luego
de esto todo se simplifica} Bxg2 18. Kxg2 Rfc8 19. Rfc1 ({algunas opciones como} 19.
Nce4 {podrían complicar las cosas de manera siempre favorable para las negras,
que tienen las piezas mejor dispuestas} Be5 20. f4 (20. Rac1 f5 21. Ng5 Nd7) (
20. Rfc1 f5) 20... Bd4 21. Qd3 Rd8) 19... Nxc4 20. Qxc4 Qxc4 21. Nxc4 Rxc4 22. Rxa6 Be5 23. Rc2 Bxc3 24. bxc3 (24. Rxc3 Rcb4 25. Ra7 Rxb2 26.
Rcc7 Rf8 $11) 24... Rb3 25. Ra8+ Kg7 26. Rd2 Rbxc3 27. Rdd8 f5 28. Rg8+ Kf6 29. Rh8 Rc2 30. e3 1/2-1/2

[Event "Sants Open 2023"]
[Site "Chess.com"]
[Date "2023.08.26"]
[Round "9"]
[White "Amar, Elham (NORWAY)"]
[Black "Alsina Leal, Daniel"]
[Result "1-0"]
[ECO "B35"]
[WhiteElo "2523"]
[BlackElo "2538"]
[Annotator "IM Sequera Paolini, Jose"]
[PlyCount "79"]
[EventDate "2023.??.??"]
[Source "Analyze This Pro"]
[TimeControl "40/5400+30:1800+30"]

1. e4 c5 2. Nf3 Nc6 3. d4 cxd4 4. Nxd4 g6 {[%emt 0:02:26] En este viaje por las partidas del Campeón de
Sants 2023, nos toca enfrentar esta vez al Dragón acelerado del GM local
Daniel Alsina} 5. Nc3 Bg7 6. Be3 Nf6 7. Bc4 O-O {[%emt 0:00:44] Se
amenaza ahora ...Cxe4} 8. Bb3 Re8 (8... d5 {
Es muy interesante!}) (8... d6 9. f3) 9. f3 ({Una idea
también es} 9. f4 d6 10. Qf3 Bd7 (10... Ng4 11. Nxc6 bxc6 12. Bd2) 11. O-O Ng4
12. Nxc6 bxc6 13. Bd2 d5 14. f5 {con juego vivo! Nakamura - Dubov 2020}) 9...
e6 10. f4 {[%emt 0:00:03] [#]} Nd5 $5 {[%emt 0:00:39] las
negras buscan complicaciones} ({Ahora} 10... Ng4 {conlleva a ganancias de
tiempos para las blancas en el ataque al flanco de rey, ya que el alfil de c8
no observa directamente la casilla g4} 11. Qxg4 Nxd4 12. O-O-O Nxb3+ 13. axb3
d5 14. e5 Bd7 15. h4 h5 16. Qf3 a5 17. g4 $40) 11. exd5 exd5 12. O-O {[%emt 0:00:06] se devuelve la pieza sin oponer
ninguna resistencia y se pasa a una posición donde las negras tienen muy mala
estructura que intentarán justificar jugando de manerea dinámica} (12. Nxc6
$4 dxc6 $19 ) 12... Rxe3 13. Ndb5 d4 14. Nd5 Rxb3 {[%emt 0:00:13] no hay
nada mejor} (14... Re4 15. Qd3 Re6 16. f5) (14... Re6 15. f5 ({Sería un error
ir a buscar una pequeña ventaja material, inexistente además, ya que} 15.
Nbc7 Rb8 16. Nxe6 dxe6 {el caballo blanco está atrapado}) 15... gxf5 16. Rxf5
{las blancas tendrían muchas posibilidades abiertas}) 15. axb3 d6 16. Re1 Rb8 17. c3 dxc3 {[%emt 0:02:45] [#]} (17... Be6 18. Nbc7) 18. Ndxc3 ({Veamos} 18. bxc3 a6 19. Nbc7 (19. Nd4 $4 Nxd4 20. cxd4 Be6
21. Ne3 Qb6 {y son las negras las que están mejor}) 19... Bd7 20. b4 Rc8 21.
b5 Rxc7 (21... Nb8 $4 22. Ne7+) 22. Nxc7 Qxc7 23. bxc6 Bxc6 {Vencer a este par
de alfiles será una tarea practicamente imposible}) (18. Nbxc3 Be6 19. Qd3 $14
) 18... Be6 ({también muy interesante es} 18... a6 19. Qxd6 (
19. Nxd6 $4 Bd4+) 19... Bf5 20. Qxd8+ Rxd8 21. Nc7 Kf8 22. Rad1 Bd4+ 23. Kh1
Rd7 {complicado}) 19. Qxd6 Qxd6 20. Nxd6 {
[%emt 0:00:06] [#]} a6 $6 {[%emt 0:16:23] por razones tácticas, no es
necesario la defensa de este peón} (20... Nd4 21. Rad1 (21. Rxa7 Nf3+ 22. gxf3
Bd4+ 23. Kg2 Bxa7) 21... a5 22. Nc4 Nxb3 $13) 21. Nc4 {[%emt 0:09:33] [#]} (21.
Rad1 Bxb3 22. Rd2 {Posición incierta}) 21... Nd4 $6 ({
Es una posición muy instructiva. Las negras con calidad de menos deben buscar,
no tanto ganar algún peón, sino evitar que las piezas blancas se sitúen con
comodidad. En este sentido la jugada dinámica} 21... b5 $1 22. Ne5 ({si} 22.
Rxa6 Bxc3 23. bxc3 bxc4 24. Rxc6 cxb3 $11) (22. Na5 Nxa5 23. Rxa5 Bxb3 24. Rxa6
Bd4+ 25. Kh1 b4 {las negras practicamente no tienen problemas}) (22. Nd6 b4 23.
Nce4 a5 $13) 22... Nxe5 23. fxe5 b4 24. Nd1 Rb5 25. Rxa6 Bxe5 $13) 22. Rad1 Nxb3 23. Ne5 Rc8 24. Ne4 h6 $2 {[%emt 0:10:29] Las negras necesitan
despejar la el peligro sobre la última fila, pero se deja un tema táctico}
25. Nxg6 Kh7 26. f5 Bxf5 27. Ne7 Bxe4 28. Nxc8 Bg6 29. Ne7 Bc2 30. Rd7 Bxb2 31. Re2 Bd4+ 32. Rxd4 Nxd4 33. Rd2 a5 34. Rxd4 a4 35. Nd5 a3 36. Nb4 Bb3 37. Rd8 b5 38. Ra8 Ba4 39. Re8 Bb3 40.
Re1 1-0